AoeStats
← xxCamper_2

Nomad

505398611Analyzed
2v2 RM · 22d ago on Sep 9, 2026· 43m 57s· 4 players
Game mode
Random Map
Map size
176×176
Population
200
Speed
Normal
Resources
Standard
Victory
Conquest
Starting age
Dark Age
Ending age
Imperial Age
RankedLock teamsTeams togetherTeam positionsShared explorationLock speedFull tech treeHidden civsTurbo modeCheats
Victory
Defeat
🇩🇪 Gurjaras · Germany
1394
+13
🇫🇷 Armenians · France
1375
+14
🇸🇰 Koreans · Slovakia
1352
-14
🇴🇲 Burgundians · Oman
1307
-13
hazbro
5:14 Loom
14:58 Feudal Age
19:53 Castle Age
22:37 Double-Bit Axe
23:45 Fletching
32:00 Horse Collar
33:04 Medium Warships
33:55 Bow Saw
34:29 Bodkin Arrow
37:55 Wheelbarrow
42:11 Imperial Age
39:57 Cilician Fleet
40:33 Hand Cart
40:16 Town Watch
40:57 Fishing Lines
43:08 Block Printing
43:38 Stone Mining
43:44 Gold Mining
44:48 Heavy Warships
Lil Jon
5:31 Loom
13:56 Feudal Age
18:35 Castle Age
16:43 Double-Bit Axe
18:15 Fishing Lines
19:05 Town Watch
19:33 Bow Saw
19:39 Gillnets
21:18 Scale Barding Armor
21:58 Bloodlines
24:22 Wheelbarrow
25:14 Horse Collar
26:07 Forging
28:08 Heavy Plow
31:46 Hand Cart
37:18 Imperial Age
35:29 Gold Mining
35:33 Stone Mining
36:40 Kshatriyas
36:59 Chain Barding Armor
37:01 Husbandry
37:41 Gold Shaft Mining
38:48 Plate Barding Armor
39:00 Siege Elephant
39:29 Elite Shrivamsha Rider
41:59 Iron Casting
41:51 Conscription
41:23 Heavy Camel Rider
43:30 Hoardings
43:03 Scale Mail Armor
42:55 Fletching
xxCamper_2
4:30 Loom
14:23 Feudal Age
15:58 Wheelbarrow
15:12 Double-Bit Axe
24:34 Castle Age
22:50 Fishing Lines
23:30 Gold Mining
24:19 Forging
25:39 Medium Warships
34:24 Fletching
39:06 Squires
39:47 Scale Mail Armor
41:33 Gambesons
ql7mt
3:58 Loom
13:30 Feudal Age
12:08 Double-Bit Axe
12:56 Fishing Lines
19:15 Castle Age
19:11 Scale Barding Armor
19:08 Horse Collar
20:48 Cavalier
22:01 Forging
22:04 Gillnets
24:00 Iron Casting
43:12 Chain Barding Armor
Connection lost

Rejoining the realm…

Still unreachable

The connection could not be restored.

Session expired

The server has moved on; the page needs a fresh start.